 Dungeon Sprint DCSS version 0.30-a0-629-gd54f4be4f7 (webtiles) character file.

Game seed: 4977720588195338845

164 BigDaddyOpFi the Chopper (level 5, -18/78 HPs)
             Began as a Minotaur Berserker on Jan 12, 2023.
             Was a Priest of Trog.
             Killed from afar by a deep elf pyromancer (19 damage)
             ... with a bolt of fire
             ... in the Dungeon (Sprint III: "The Ten Rune Challenge").
             The game lasted 00:01:47 (385 turns).

BigDaddyOpFi the Chopper (Minotaur Berserker)        Turns: 385, Time: 00:01:47

Health: -18/78     AC:  2    Str: 23    XL:     5   Next: 21%
Magic:  4/4        EV: 14    Int:  3    God:    Trog [***...]
Gold:   21         SH:  0    Dex: 13    Spells: 4/4 levels left

rFire   . . .      SeeInvis +    a - +0 hand axe
rCold   . . .      Faith    .    (no shield)
rNeg    . . .      Spirit   .    b - +0 animal skin
rPois   .          Reflect  .    (helmet restricted)
rElec   .          Harm     .    (no cloak)
rCorr   .          Rampage  .    (no gloves)
Will    .....      Clarity  +    (no boots) Stlth NoTele +
                                 (no amulet)
HPRegen 0.33/turn                (no ring)
MPRegen 0.09/turn                (no ring)

@: berserking, very quick
A: horns 2, retaliatory headbutt, see invisible, agile 1, clarity
a: Renounce Religion, Berserk, Trog's Hand


You were in the Dungeon.
You worshipped Trog.
Trog was most pleased with you.
You visited 1 branch You collected 21 gold pieces.

Inventory:

Hand Weapons
 a - a +0 hand axe (weapon)
Armour
 b - a +0 animal skin (worn)
Scrolls
 h - a scroll of blinking
 i - a scroll of torment {unknown}
 j - 4 scrolls of identify
 l - a scroll of poison {unknown}
Potions
 c - a potion of curing
 d - a potion of heal wounds
 e - a potion of haste
 f - 2 potions of magic
 g - a potion of berserk rage
 k - 2 potions of flight
 m - 5 potions of mutation


   Skills:
 + Level 7.3 Fighting
 + Level 7.3 Axes
 + Level 6.8 Armour
 + Level 6.1 Dodging


You had 4 spell levels left.
You didn't know any spells.
Your spell library was empty.

Dungeon Overview and Level Annotations

Branches:
Dungeon (1/1)

Altars:
Elyvilon
Kikubaaqudgha
Sif Muna
Vehumet
Zin
The Shining One


Innate Abilities, Weirdness & Mutations

You have a pair of horns on your head.
You reflexively headbutt those who attack you in melee.
You have supernaturally acute eyesight. (SInv)
You are agile. (Dex +4, Str/Int -1)
You possess an exceptional clarity of mind.


Message History

The fire elemental completely misses you.
You miss the deep elf pyromancer.
The deep elf pyromancer is lightly wounded.
You hit the fire elemental but do no damage.
You slash the fire elemental! The fire elemental hits you.
* * * LOW HITPOINT WARNING * * *
The fire elemental burns you!
* * * LOW HITPOINT WARNING * * *
The fire elemental closely misses you.
The deep elf pyromancer hits you with a +2 long sword of holy wrath.
* * * LOW HITPOINT WARNING * * *
You are too berserk!
You hit the deep elf pyromancer.
Your headbutt misses the deep elf pyromancer.
The deep elf pyromancer is moderately wounded.
You hit the fire elemental.
You destroy the fire elemental!
The fire elemental disappears in a puff of smoke!
You slash the fire elemental! The fire elemental misses you.
You miss the deep elf pyromancer.
The deep elf pyromancer is moderately wounded.
You hit the fire elemental.
You destroy the fire elemental!
The fire elemental disappears in a puff of smoke!
The deep elf pyromancer barely misses you.
You furiously retaliate!
You headbutt the deep elf pyromancer.
You closely miss the deep elf pyromancer.
You headbutt the deep elf pyromancer!!
The deep elf pyromancer is almost dead.
You barely miss the deep elf pyromancer.
The deep elf pyromancer is almost dead.
The deep elf pyromancer hits you with a +2 long sword of holy wrath.
* * * LOW HITPOINT WARNING * * *
Unknown command.
You barely miss the deep elf pyromancer.
Your headbutt misses the deep elf pyromancer.
The deep elf pyromancer is almost dead.
The deep elf pyromancer points at you and mumbles some strange words.
The bolt of fire hits you!!
You die...

▓▓▓▓ ▓▓▓ ...####
##.#####
......#####..#°__#
...)...#..#..#!§.#
#.##...#..#..###@#+###+#
#.###..##'#..#..e.......
##.##..###...'.⌠........
..##..####...#...######+
..##..###....#.⌠.#
.##...##÷....#...#
##....#......#)###
##..##.#.....#.::# #..
####....#___#


You could see a deep elf pyromancer.

Vanquished Creatures
  A water elemental (D)
  Jessica (D)
  A wizard (D)
  A human (D)
  A kobold demonologist (D)
  A wolf (D)
  An endoplasm (D)
  2 rats (D)
9 creatures vanquished.

Notes
Turn   | Place    | Note
-------+----------+-------------------------------------------
     0 | D        | BigDaddyOpFi the Minotaur Berserker began the quest for the
                  | Orb.
     0 | D        | Reached XP level 1. HP: 19/19 MP: 0/0
    21 | D        | Noticed Jessica
    24 | D        | Killed Jessica
    24 | D        | Reached ** piety under Trog
    25 | D        | Reached skill level 5 in Fighting
    25 | D        | Reached skill level 5 in Axes
    25 | D        | Reached XP level 2. HP: 29/29 MP: 1/1
    87 | D        | Reached XP level 3. HP: 36/36 MP: 2/2
    95 | D        | Reached skill level 5 in Armour
   199 | D        | Gained mutation: Armour fits poorly on your strangely
                  | shaped body. [potion of mutation]
   199 | D        | Gained mutation: Your body sometimes deteriorates upon
                  | taking damage. [potion of mutation]
   200 | D        | Lost mutation: Your body sometimes deteriorates upon taking
                  | damage. [potion of mutation]
   200 | D        | Lost mutation: Armour fits poorly on your strangely shaped
                  | body. [potion of mutation]
   200 | D        | Gained mutation: You possess an exceptional clarity of
                  | mind. [potion of mutation]
   200 | D        | Gained mutation: You are agile. (Dex +4, Str/Int -1)
                  | [potion of mutation]
   200 | D        | Gained mutation: You have supernaturally acute eyesight.
                  | (SInv) [potion of mutation]
   206 | D        | Noticed a water elemental
   213 | D        | Killed a water elemental
   213 | D        | Reached *** piety under Trog
   214 | D        | Reached skill level 5 in Dodging
   214 | D        | Reached XP level 4. HP: 45/45 MP: 3/3
   299 | D        | Found a radiant altar of Vehumet.
   299 | D        | Found a shimmering blue altar of Sif Muna.
   299 | D        | Found an ancient bone altar of Kikubaaqudgha.
   299 | D        | Noticed a wizard
   302 | D        | Noticed an ice devil
   302 | D        | Killed a wizard
   303 | D        | Reached XP level 5. HP: 52/52 MP: 4/4
   368 | D        | Found a glowing silver altar of Zin.
   368 | D        | Found a glowing golden altar of the Shining One.
   368 | D        | Found a white marble altar of Elyvilon.
   369 | D        | Noticed a deep elf pyromancer
   371 | D        | Noticed a fire elemental
   371 | D        | Noticed a fire elemental
   374 | D        | Noticed a fire elemental
   384 | D        | HP: 1/78 [deep elf pyromancer/+2 long sword of holy wrath
                  | (6)]
   385 | D        | Killed from afar by a deep elf pyromancer

Illustrated notes

Levels and vault maps discovered:
D:        dungeon_sprint_mu [sprint_mu_entry_cave, sprint_mu_temple_rooms,
          sprint_mu_d1_horrors, sprint_mu_d2_genie, sprint_mu_d3_branching,
          sprint_mu_orc_legion, sprint_mu_elf_gauntlet, sprint_mu_hive_nellie,
          sprint_mu_lair_fedhas, sprint_mu_vaults_butterflies,
          sprint_mu_slime_circle, sprint_mu_shoals_archi,
          sprint_mu_snake_twists, sprint_mu_blade_basic, sprint_mu_crypt_lich,
          sprint_mu_tomb_spiral, sprint_mu_vestibule_basic,
          sprint_mu_gehenna_hellfire, sprint_mu_dis_giant,
          sprint_mu_tartarus_statrot, sprint_mu_cocytus_islands, sprint_mu_zot1]

Skill      XL: |  1  2  3  4  5 |
---------------+----------------+-----
Fighting       | 5 6 7 |  7.3
Axes           | 5 6 7 |  7.3
Armour         | 4 6 |  6.8
Dodging        | 3 5 6 |  6.1

Action                   |  1- 3 |  4- 6 || total
-------------------------+-------+-------++-------
Melee: Hand axe          |     9 |    19 ||    28
       Headbutt          |     3 |     1 ||     4
Invok: Berserk           |     3 |     2 ||     5
  Use: Potion            |     2 |       ||     2
 Stab: Sleeping          |     1 |       ||     1
Armor: Animal skin       |     1 |     4 ||     5
Dodge: Dodged            |     7 |    16 ||    23

Table legend: (Time is in decaauts)
 A = Elapsed time spent in this place.
 B = Non-inter-level travel time spent in this place.
 C = Inter-level travel time spent in this place.
 D = Time resting spent in this place.
 E = Time spent auto-exploring this place.
 F = Levels seen in this place.
 G = Mean time per level.
                   A        B        C        D        E       F      G
               +--------+--------+--------+--------+--------+-----+--------+
         Total |    429 |    429 |      0 |    320 |     16 |   1 |  429.0 |
       Dungeon |    429 |    429 |      0 |    320 |     16 |   1 |  429.0 |
               +--------+--------+--------+--------+--------+-----+--------+

Top non-repeatable levels by time:
       D: 429 daAuts
